 Dungeon Crawl Stone Soup version 0.31-a0-1-g4198be8af4 (webtiles) character file.

Game seed: 379578181221328947

709 qeuew the Chopper (level 7, -3/67 HPs)
             Began as a Minotaur Berserker on May 1, 2023.
             Was an Elder of Trog.
             Slain by Edmund
             ... wielding a +5 flail of protection
              (18 damage)
             ... on level 5 of the Dungeon.
             The game lasted 00:04:36 (4278 turns).

qeuew the Chopper (Minotaur Berserker)              Turns: 4278, Time: 00:04:36

Health: -3/67      AC: 10    Str: 26    XL:     7   Next: 40%
Magic:  6/6        EV: 14    Int:  7    God:    Trog [****..]
Gold:   193        SH:  0    Dex: 20    Spells: 6/6 levels left

rFire   . . .        a - +1 hand axe
rCold   . . .        (no shield)
rNeg    . . .        c - +1 ring mail
rPois   .            (helmet restricted)
rElec   .            m - +2 cloak
rCorr   .            (no gloves)
SInv    .            (no boots)
Will    .....        (no amulet)
Stlth   +            l - +6 ring of dexterity
HPRegen 0.31/turn    f - +6 ring of strength
MPRegen 0.10/turn

%: no passive effects
@: no status effects
A: horns 2, retaliatory headbutt, agile 1, clever 1, robust 1, MP-powered wands
a: Renounce Religion, Berserk, Trog's Hand, Brothers in Arms


You were on level 5 of the Dungeon.
You worshipped Trog.
Trog was greatly pleased with you.
You visited 1 branch of the dungeon, and saw 5 of its levels.

You collected 193 gold pieces.

Inventory:

Hand Weapons
 a - a +1 hand axe (weapon)
Armour
 c - a +1 ring mail (worn)
 m - a +2 cloak (worn)
Jewellery
 f - a +6 ring of strength (right hand)
 l - a +6 ring of dexterity (left hand)
Wands
 o - a wand of flame (25)
 q - a wand of mindburst (10)
Scrolls
 b - a scroll of enchant armour
 h - a scroll of blinking {unknown}
 i - a scroll of enchant weapon
Potions
 d - 2 potions of ambrosia
 e - 4 potions of curing
 g - a potion of flight
 j - 2 potions of berserk rage
 k - a potion of resistance


   Skills:
 + Level 5.5 Fighting
 * Level 7.1 Axes
 + Level 4.8 Armour
 + Level 4.4 Dodging
 + Level 1.2 Evocations


You had 6 spell levels left.
You didn't know any spells.
Your spell library was empty.

Dungeon Overview and Level Annotations

Branches:
Dungeon (5/15)
 Temple: D:4-7

Altars:
Elyvilon
Qazlal
Zin
The Shining One

Shops:
D:3 (

Annotations:
D:4 3 runed translucent doors, GloriousHammer's ghost, amateur MeTm; themarg's ghost, novice MfSu
D:5 Edmund


Innate Abilities, Weirdness & Mutations

You have a pair of horns on your head.
You reflexively headbutt those who attack you in melee.
You are agile. (Dex +4, Str/Int -1)
Your mind is acute. (Int +4, Str/Dex -1)
You are robust. (+10% HP)
You expend magic power (3 MP) to strengthen your wands.


Message History

Edmund is lightly wounded.
Edmund completely misses you. You furiously retaliate!
You headbutt Edmund, but do no damage. You hit Edmund.
Edmund is lightly wounded.
Edmund closely misses you.
You hit Edmund.
Edmund is moderately wounded.
Edmund misses you. You furiously retaliate!
You headbutt Edmund! You hit Edmund. Your headbutt misses Edmund.
You punch Edmund.
Edmund is severely wounded.
Edmund hits you with a +5 flail of protection!
You hit Edmund but do no damage. You headbutt Edmund, but do no damage.
Edmund is severely wounded.
Edmund closely misses you.
You completely miss Edmund.
Edmund is severely wounded.
Edmund hits you with a +5 flail of protection.
You are too injured to fight recklessly!
You are too injured to fight recklessly!
You are too injured to fight recklessly!
You are too injured to fight recklessly!
You are too injured to fight recklessly!
You are too injured to fight recklessly!
You are too injured to fight recklessly!
You are too injured to fight recklessly!
You are too injured to fight recklessly!
You are too injured to fight recklessly!
You are too injured to fight recklessly!
You hit Edmund but do no damage.
Edmund is severely wounded.
Edmund hits you with a +5 flail of protection!
You closely miss Edmund.
Edmund is severely wounded.
Edmund hits you with a +5 flail of protection!
* * * LOW HITPOINT WARNING * * *
You hit Edmund but do no damage. You headbutt Edmund, but do no damage.
Edmund is severely wounded.
Edmund hits you with a +5 flail of protection!!
You die...

#..<.. ##..........#
##.....
#............##......
##.............#...... #
#...........#...).....
..#..........###.....†..
............# #........
..........# ##.......
......@@.## ##......
..........#######...#...
..................#####.
.!...............## ##
###...######....## #
#### ######


You could see Edmund (strong).

Vanquished Creatures
  An ogre (D:4)
  2 howler monkeys (D:5)
  An orc priest (D:5)
  A hound (D:5)
  2 jellies (D:5)
  A gnoll bouda (D:5)
  Jessica (D:2)
  2 iguanas (D:5)
  An orc wizard (D:5)
  Natasha (thrice) (D:2)
  Robin (D:2)
  3 gnolls (D:5)
  7 adders
  A worm (D:3)
  3 dart slugs
  11 orcs
  8 ball pythons
  8 bats
  8 endoplasms
  5 giant cockroaches
  11 goblins
  10 hobgoblins
  6 jackals
  6 quokkas
  4 frilled lizards
  7 kobolds
  6 rats
120 creatures vanquished.

Vanquished Creatures (others)
  6 withered plants (D:4)
6 creatures vanquished.

Grand Total: 126 creatures vanquished

Notes
Turn   | Place    | Note
-------+----------+-------------------------------------------
     0 | D:1      | qeuew the Minotaur Berserker began the quest for the Orb.
     0 | D:1      | Reached XP level 1. HP: 19/19 MP: 0/0
   126 | D:1      | Reached XP level 2. HP: 24/27 MP: 1/1
   165 | D:1      | Reached skill level 4 in Axes
   362 | D:1      | Reached XP level 3. HP: 26/33 MP: 2/2
   472 | D:1      | Reached ** piety under Trog
   968 | D:2      | Noticed Robin
   983 | D:2      | Killed Robin
   984 | D:2      | Reached XP level 4. HP: 24/40 MP: 3/3
  1063 | D:2      | Noticed Natasha
  1063 | D:2      | Noticed Jessica
  1070 | D:2      | Killed Jessica
  1071 | D:2      | Killed Natasha
  1072 | D:2      | Reached skill level 5 in Axes
  1391 | D:2      | Reached XP level 5. HP: 47/47 MP: 4/4
  1413 | D:2      | Reached *** piety under Trog
  1497 | D:2      | Noticed Natasha
  1506 | D:2      | Killed Natasha
  1604 | D:2      | Noticed Natasha
  1614 | D:2      | Killed Natasha
  1835 | D:2      | Gained mutation: You expend magic power (3 MP) to
                  | strengthen your wands. [potion of mutation]
  1835 | D:2      | Gained mutation: Your mind is acute. (Int +4, Str/Dex -1)
                  | [potion of mutation]
  1835 | D:2      | Gained mutation: You are robust. (+10% HP) [potion of
                  | mutation]
  1835 | D:2      | Gained mutation: You are agile. (Dex +4, Str/Int -1)
                  | [potion of mutation]
  1907 | D:3      | Found Ocueja's Antique Weapon Shop.
  2035 | D:3      | Found a faded altar of an unknown god.
  2308 | D:3      | Found a stormy altar of Qazlal.
  3020 | D:4      | Noticed an ogre
  3027 | D:4      | Killed an ogre
  3028 | D:4      | Reached skill level 5 in Fighting
  3028 | D:4      | Reached skill level 6 in Axes
  3028 | D:4      | Reached XP level 6. HP: 31/61 MP: 5/5
  3403 | D:4      | Reached **** piety under Trog
  3468 | D:4      | Found a runed translucent gate.
  3468 | D:4      | Found a runed translucent gate.
  3468 | D:4      | Found a runed translucent gate.
  3469 | D:4      | Noticed themarg's ghost (novice MfSu)
  3469 | D:4      | Noticed GloriousHammer's ghost (amateur MeTm)
  3609 | D:4      | Found a white marble altar of Elyvilon.
  3609 | D:4      | Found a glowing golden altar of the Shining One.
  3609 | D:4      | Found a glowing silver altar of Zin.
  3943 | D:5      | Entered Level 5 of the Dungeon
  3968 | D:5      | Reached XP level 7. HP: 31/67 MP: 6/6
  4133 | D:5      | Reached skill level 1 in Evocations
  4172 | D:5      | Reached skill level 7 in Axes
  4264 | D:5      | Noticed Edmund
  4278 | D:5      | Slain by Edmund

Illustrated notes

Levels and vault maps discovered:
D:1:      tarquinn_simple_flora_water_d, layout_basic, minmay_tripent
D:2:      layout_rooms, wad_orctagon, uniq_robin, uniq_jessica, uniq_natasha
D:3:      layout_loops_corners, nicolae_qazlal_eye_of_the_storm,
          shapermc_ecumenical_altar_totnotflames, serial_shops,
          nicolae_shop_dealshenge
D:4:      layout_basic, good_gods_mini_temple, gammafunk_ghost_cemetery,
          chequers_decorated_corner, supply_closet_lemuel
D:5:      layout_cave_pods, mainiacjoe_overflow_boulevard, grunt_ministairs_15,
          uniq_edmund

Skill      XL: |  1  2  3  4  5  6  7 |
---------------+----------------------+-----
Axes           | 4 5 6 7 |  7.1
Fighting       | 4 5 |  5.5
Armour         | 3 4 |  4.8
Dodging        | 3 4 |  4.4
Evocations     | 1 |  1.2

Action                     |  1- 3 |  4- 6 |  7- 9 || total
---------------------------+-------+-------+-------++-------
  Melee: Hand axe          |    73 |   166 |    37 ||   276
         Headbutt          |    11 |    30 |    10 ||    51
         Punch             |       |     1 |     1 ||     2
 Invoke: Berserk           |       |     1 |       ||     1
    Use: Potion            |     4 |     3 |       ||     7
         Scroll            |     2 |    11 |       ||    13
 Armour: Animal skin       |    12 |     8 |       ||    20
         Ring mail         |       |    33 |     8 ||    41
  Dodge: Dodged            |    57 |   114 |    14 ||   185

Table legend: (Time is in decaauts)
 A = Elapsed time spent in this place.
 B = Non-inter-level travel time spent in this place.
 C = Inter-level travel time spent in this place.
 D = Time resting spent in this place.
 E = Time spent auto-exploring this place.
 F = Levels seen in this place.
 G = Mean time per level.
                   A        B        C        D        E       F      G
               +--------+--------+--------+--------+--------+-----+--------+
         Total |   4270 |   4122 |    148 |    100 |   3364 |   5 |  854.0 |
       Dungeon |   4270 |   4122 |    148 |    100 |   3364 |   5 |  854.0 |
               +--------+--------+--------+--------+--------+-----+--------+

Top non-repeatable levels by time:
     D:4: 1084 daAuts
     D:2: 979 daAuts
     D:3: 950 daAuts
     D:1: 920 daAuts
     D:5: 336 daAuts
